 Dungeon Crawl Stone Soup version 0.29.1-12-g30fa7ad0bf (webtiles) character file.

Game seed: 10030775419630368572

13260 cheesebisquit the Grappler (level 11, -3/117 HPs)
             Began as a Troll Monk on Jan 13, 2023.
             Was an Elder of Okawaru.
             Slain by a large slime creature (24 damage)
             ... on level 12 of the Dungeon.
             The game lasted 01:18:15 (12528 turns).

cheesebisquit the Grappler (Troll Monk)            Turns: 12528, Time: 01:18:15

Health: -3/117     AC: 11    Str: 25    XL:     11   Next: 73%
Magic:  12/15      EV: 11    Int:  6    God:    Okawaru [****..]
Gold:   136        SH:  0    Dex:  8    Spells: 10/10 levels left

rFire   + + +      SeeInvis +     - Unarmed
rCold   . . .      Faith    .   (no shield)
rNeg    + . .      Spirit   .   L - +3 steam dragon scales
rPois   .          Reflect  +   h - +0 hat "Towar" {rElec rF+++ rCorr Dex-4}
rElec   +          Harm     .   (no cloak)
rCorr   +          Rampage  .   (gloves unavailable)
Will    .....                   (boots unavailable)
Stlth   +.........              t - amulet of reflection
HPRegen 1.09/turn               P - ring of see invisible
MPRegen 0.14/turn               B - ring of positive energy

@: confused, heroic, finesse-ful, ambrosia-drunk
A: large, unfitting armour, claws 3, regeneration 1, shaggy fur 1, tough skin 1,
subdued magic 1
a: Renounce Religion, Heroism, Finesse


You were on level 12 of the Dungeon.
You worshipped Okawaru.
Okawaru was greatly pleased with you.
You visited 2 branches of the dungeon, and saw 13 of its levels.
You also visited: Sewer and Ossuary.

You collected 612 gold pieces.
You spent 476 gold pieces at shops.

Inventory:

Hand Weapons
 O - a +0 giant club
 Q - a +0 giant spiked club
Missiles
 e - 21 poisoned darts (quivered)
 g - 91 stones
 A - 3 silver javelins
 J - 2 throwing nets
Armour
 h - the +0 hat "Towar" (worn) {rElec rF+++ rCorr Dex-4}
   (You acquired it on level 6 of the Dungeon)

   Dex:       It affects your dexterity (-4).
   rF:        It renders you almost immune to fire.
   rElec:     It insulates you from electricity.
   rCorr:     It protects you from acid and corrosion.
 x - a scarf of repulsion
 L - +3 steam dragon scales (worn)
 N - a +2 cloak
Jewellery
 j - a ring of protection from cold
 m - a ring of protection from cold
 t - an amulet of reflection (around neck)
 B - a ring of positive energy (right claw)
 C - a ring of poison resistance
 P - a ring of see invisible (left claw)
Wands
 l - a wand of polymorph (11)
 q - a wand of iceblast (14)
 y - a wand of paralysis (10)
 z - a wand of flame (38)
 K - a wand of acid (8)
 M - a wand of digging (13)
Scrolls
 d - 5 scrolls of teleportation
 i - 3 scrolls of fear
 o - a scroll of enchant weapon
 v - a scroll of immolation
 w - 5 scrolls of blinking
 E - 2 scrolls of amnesia {unknown}
 F - 2 scrolls of silence
 H - 2 scrolls of magic mapping
 I - 3 scrolls of poison
 R - a scroll of torment {unknown}
Potions
 b - a potion of ambrosia
 c - a potion of haste
 f - a potion of berserk rage
 k - a potion of invisibility
 n - 9 potions of curing
 p - 8 potions of flight
 r - 6 potions of attraction
 s - a potion of might
 u - a potion of cancellation
 D - 2 potions of lignification
 G - 2 potions of mutation


   Skills:
 + Level 9.8(14.8) Fighting
 + Level 2.2(7.2) Maces & Flails
 + Level 5.5(10.5) Throwing
 - Level 2.4(7.4) Dodging
 - Level 1.0(6.0) Stealth
 + Level 11.7(16.7) Unarmed Combat
 + Level 7.3 Invocations


You had 10 spell levels left.
You didn't know any spells.
Your spell library contained the following spells:

 Spells                   Type           Power      Damage    Failure   Level
 Blink                    Tloc           0%         N/A       54%         2
 Manifold Assault         Tloc           0%         N/A       100%        5
 Storm Form               Tmut/Air       0%         N/A       100%        7


Dungeon Overview and Level Annotations

Branches:
Dungeon (12/15)            Temple (1/1) D:5            Lair (0/5) D:8
    Orc (0/2) D:10          Sewer (visited)         Ossuary (visited)

Altars:
Ashenzari
Dithmenos
Elyvilon
Fedhas
Gozag
Hepliaklqana
Kikubaaqudgha
Makhleb
Nemelex Xobeh
Okawaru
Qazlal
Ru
Sif Muna
Trog
Uskayaw
Vehumet
Wu Jian
Yredelemnul
Zin
The Shining One

Shops:
D:3 [   D:10 ?=![

Annotations:
D:7 1 transporter, SirLogeyBear's ghost, novice HOBe
D:10 2 transporters
D:11 2 transporters, exclusion: oklob plant, hawla's ghost, novice MeFE


Innate Abilities, Weirdness & Mutations

You are too large for most types of armour.
You have claws for hands.
Your natural rate of healing is unusually fast.
You are covered in fur. (AC +1)
You have tough skin. (AC +1)
Your spells are a little easier to cast, but a little less powerful.


Message History

You scratch the slime creature but do no damage.
You claw the slime creature!!
The slime creature is severely wounded.
The slime creature hits you!
You claw the slime creature!
The slime creature is almost dead.
Two slime creatures merge to form an enormous slime creature.
You mangle the slime creature!!
You kill the slime creature!
Okawaru accepts your kill.
The enormous slime creature hits you!!!!
Ouch! That really hurt!
* * * LOW HITPOINT WARNING * * *
You gain the combat prowess of a mighty hero.
You can no longer enter into single combat with a foe.
Okawaru will no longer gift you equipment.
An enormous slime creature splits.
You claw the large slime creature!
The large slime creature is moderately wounded.
You can now deal lightning-fast blows.
The large slime creature closely misses you.
A large slime creature splits.
You eviscerate the slime creature!!!
You kill the slime creature!
Okawaru accepts your kill.
The large slime creature hits you but does no damage.
The slime creature closely misses you.
You barely miss the slime creature.
The slime creature is moderately wounded.
You claw the slime creature!
The slime creature is moderately wounded.
You barely miss the slime creature. Your claw misses the slime creature.
The slime creature is moderately wounded.
The slime creature hits you!
* * * LOW HITPOINT WARNING * * *
The large slime creature hits you.
* * * LOW HITPOINT WARNING * * *
You are confused.
You feel invigorated. The large slime creature hits you!!
You die...

...####'###............#
#...+............#
#..##............#
#..##............#
#..############### #..#
.# #..# .# #..# .# #@.#
.##### #.(JJ.# .....#
#((###.# .....# #.. +#
.....# #. .....# ..
.....# # .....## .#
......#..


You could see a large slime creature and a slime creature.

Vanquished Creatures
  A two-headed ogre (D:10)
  Pikel (D:5)
  A deep elf zephyrmancer (D:9)
  Maurice (D:8)
  An ugly thing (D:11)
  A manticore (D:11)
  Maggie (D:7)
  2 komodo dragons
  A kobold demonologist (D:6)
  A troll (D:10)
  3 hornets (D:8)
  3 slime creatures (D:12)
  3 yaks (D:11)
  A wyvern (D:7)
  A vampire (D:11)
  6 wraiths
  Grum (D:9)
  2 steam dragons
  3 vampire mosquitoes
  Menkaure (Ossuary)
  A warg (D:10)
  An acid dragon (D:11)
  A water moccasin (D:9)
  Duvessa (D:5)
  7 orc warriors
  An ogre (D:6)
  4 ice beasts
  3 wolves
  3 centaurs
  A black bear (D:7)
  A lemure (D:5)
  A phantom (D:5)
  2 kobold brigands
  2 necrophages (D:6)
  A gnoll sergeant (D:7)
  6 scorpions
  3 bullfrogs
  19 wights
  Dowan (D:5)
  8 killer bees
  A howler monkey (D:7)
  An electric eel (D:9)
  3 orc priests
  A gnoll bouda (D:6)
  5 hounds
  12 jellies
  Jessica (D:2)
  3 iguanas
  4 orc wizards
  4 mummies
  Robin (D:4)
  10 gnolls
  3 river rats (Sewer)
  12 adders
  2 shadow imps
  2 white imps
  3 dart slugs
  3 worms
  17 orcs
  14 bats
  17 endoplasms
  12 giant cockroaches
  4 gnoll zombies (Ossuary)
  15 goblins
  10 hobgoblins
  12 jackals
  17 kobolds
  7 quokkas
  15 ball pythons
  2 frilled lizards
  4 gnoll skeletons (Ossuary)
  7 goblin zombies
  7 hobgoblin skeletons (Ossuary)
  5 hobgoblin zombies (Ossuary)
  5 kobold skeletons (Ossuary)
  5 kobold zombies (Ossuary)
  5 orc skeletons (Ossuary)
  2 orc zombies (Ossuary)
  9 rats
  4 rat skeletons (Ossuary)
  4 rat zombies (Ossuary)
372 creatures vanquished.

Vanquished Creatures (others)
  6 fungi (D:11)
6 creatures vanquished.

Grand Total: 378 creatures vanquished

Notes
Turn   | Place    | Note
-------+----------+-------------------------------------------
     0 | D:1      | cheesebisquit the Troll Monk began the quest for the Orb.
     0 | D:1      | Reached XP level 1. HP: 22/22 MP: 0/0
   118 | D:1      | Reached XP level 2. HP: 28/29 MP: 1/1
   172 | D:1      | Reached skill level 1 in Throwing
   334 | D:1      | You fall into a shaft and drop 1 floor!
   585 | D:1      | Reached XP level 3. HP: 36/36 MP: 2/2
  1078 | D:2      | Noticed Jessica
  1084 | D:2      | Killed Jessica
  1221 | D:2      | Reached skill level 4 in Unarmed Combat
  1221 | D:2      | Reached XP level 4. HP: 18/45 MP: 3/3
  1498 | D:2      | Found a sacrificial altar of Ru.
  1622 | D:2      | Found a faded altar of an unknown god.
  2084 | D:3      | Found Itipheh's Antique Armour Shop.
  2576 | D:4      | Reached XP level 5. HP: 29/53 MP: 4/4
  2784 | D:4      | Noticed Robin
  2840 | D:4      | Killed Robin
  2858 | D:4      | Found a glowing drain.
  2869 | Sewer    | Entered a sewer
  2990 | Sewer    | Reached skill level 5 in Unarmed Combat
  3123 | Sewer    | Reached XP level 6. HP: 51/62 MP: 5/5
  4205 | D:5      | Entered Level 5 of the Dungeon
  4363 | D:5      | Found a sacrificial altar of Ru.
  4376 | D:5      | Reached skill level 6 in Unarmed Combat
  4376 | D:5      | Reached XP level 7. HP: 35/71 MP: 6/6
  4433 | D:5      | Found a staircase to the Ecumenical Temple.
  4450 | Temple   | Entered the Ecumenical Temple
  4639 | Temple   | Became a worshipper of Warmaster Okawaru
  4639 | Temple   | Reached * piety under Okawaru
  4639 | Temple   | Reached ** piety under Okawaru
  4708 | D:5      | Reached skill level 5 in Fighting
  4872 | D:5      | Reached skill level 7 in Unarmed Combat
  5063 | D:3      | Bought a glowing cloak for 225 gold pieces
  5172 | D:5      | Found a white marble altar of Elyvilon.
  5260 | D:5      | Noticed Duvessa
  5260 | D:5      | Noticed Dowan
  5267 | D:5      | Killed Duvessa
  5267 | D:5      | Reached *** piety under Okawaru
  5268 | D:5      | Reached XP level 8. HP: 79/83 MP: 7/7
  5273 | D:5      | Killed Dowan
  5361 | D:5      | Found a hazy altar of Hepliaklqana.
  5363 | D:5      | Found a broken altar of Ashenzari.
  5452 | D:5      | Noticed Pikel
  5464 | D:5      | Killed Pikel
  5464 | D:5      | Reached **** piety under Okawaru
  5464 | D:5      | Received a gift from Okawaru
  5465 | D:5      | Reached skill level 8 in Unarmed Combat
  5604 | D:6      | Reached skill level 1 in Invocations
  5610 | D:6      | Reached XP level 9. HP: 83/93 MP: 8/8
  5678 | D:6      | Noticed a kobold demonologist
  5689 | D:6      | Gained mutation: Your spells are a little easier to cast,
                  | but a little less powerful. [a neqoxec]
  5712 | D:6      | Found a sand-covered staircase.
  5721 | Ossuary  | Entered an ossuary
  5996 | Ossuary  | Noticed Menkaure
  6005 | Ossuary  | Killed Menkaure
  6006 | Ossuary  | Reached skill level 9 in Unarmed Combat
  6065 | Ossuary  | Identified a scroll of acquirement
  6092 | D:6      | Acquired the +0 hat "Towar" {rElec rF+++ rCorr Dex-4}
  6103 | D:6      | Killed a kobold demonologist
  6248 | D:6      | Identified the +0 robe of Toutetwe {rElec Str+2}
  6342 | D:6      | Reached ***** piety under Okawaru
  7109 | D:7      | Noticed Maggie
  7116 | D:7      | Killed Maggie
  7116 | D:7      | Received a gift from Okawaru
  7117 | D:7      | Reached skill level 10 in Unarmed Combat
  7117 | D:7      | Reached XP level 10. HP: 95/104 MP: 4/12
  7313 | D:7      | Identified the +6 giant spiked club "Apuntig" {vorpal,
                  | Dex+5 Stlth-}
  7313 | D:7      | Noticed SirLogeyBear's ghost (novice HOBe)
  7318 | D:7      | Found a transporter.
  7675 | D:7      | Found an opulent altar of Gozag.
  7923 | D:8      | Found a stormy altar of Qazlal.
  7933 | D:8      | Identified the +6 ring mail of Refuge {Dex+3}
  7995 | D:8      | Reached skill level 5 in Invocations
  7997 | D:8      | Received a gift from Okawaru
  8481 | D:8      | Found a staircase to the Lair.
  8551 | D:8      | Noticed Maurice
  8583 | D:8      | Killed Maurice
  8587 | D:8      | Paralysed by a hornet for 3 turns
  8901 | D:9      | Noticed Grum
  9198 | D:9      | Received a gift from Okawaru
  9208 | D:9      | Killed Grum
  9218 | D:9      | Reached skill level 11 in Unarmed Combat
  9508 | D:9      | Reached XP level 11. HP: 115/115 MP: 14/14
  9567 | D:9      | Found a shimmering blue altar of Sif Muna.
  9568 | D:9      | Found a sparkling altar of Nemelex Xobeh.
  9695 | D:9      | Noticed a deep elf zephyrmancer
  9715 | D:9      | Killed a deep elf zephyrmancer
  9715 | D:9      | Identified the +2 robe "Ulaway" {rElec rPois rC++ Will-}
                  | (Okawaru gifted it to you on level 9 of the Dungeon)
  9715 | D:9      | Received a gift from Okawaru
  9818 | D:10     | Entered Level 10 of the Dungeon
  9818 | D:10     | Found Xoasm's Distillery.
 10012 | D:10     | Found Rioz's Jewellery Boutique.
 10022 | D:10     | Bought a ring of see invisible for 195 gold pieces
 10081 | D:10     | Found Tonubal's Magic Scroll Emporium.
 10089 | D:10     | Bought a scroll of identify for 28 gold pieces
 10089 | D:10     | Bought a scroll of identify for 28 gold pieces
 10181 | D:10     | Found a transporter.
 10310 | D:10     | Found a staircase to the Orcish Mines.
 10571 | D:10     | Noticed a two-headed ogre
 10583 | D:10     | Killed a two-headed ogre
 10744 | D:10     | Found Wyhar's Armour Shoppe.
 10886 | D:10     | Found a transporter.
 10888 | D:10     | Noticed a fire crab
 10901 | D:10     | a fire crab changed into a culicivora
 11054 | D:10     | Noticed a sea snake
 11185 | D:11     | Found a transporter.
 11186 | D:11     | Noticed hawla's ghost (novice MeFE)
 11229 | D:11     | Found a transporter.
 11253 | D:11     | HP: 5/115 [vampire mosquito (7)]
 11253 | D:11     | HP: 1/115 [vampire mosquito (2)]
 11635 | D:11     | Reached skill level 5 in Throwing
 11847 | D:11     | Noticed an oklob plant
 11871 | D:11     | Reached skill level 1 in Maces & Flails
 12044 | D:11     | Noticed a purple ugly thing
 12057 | D:11     | Killed a purple ugly thing
 12528 | D:12     | Slain by a large slime creature

Illustrated notes

Levels and vault maps discovered:
D:1:      dpeg_arrival_arbitrary_a, layout_basic
D:2:      layout_rooms, basic_altar, dilly_ecumenical_altar_fadedgnrine,
          uniq_jessica
D:3:      minmay_evil_eye, layout_loops_corners, serial_shops, shop
D:4:      kb_forest_paths, layout_basic, portal_sewer_entry_b, uniq_robin
D:5:      minmay_chambers_of_fours, layout_gridville,
          mainiacjoe_overflow_concentric_impassable,
          nicolae_overflow_hidden_temple, minmay_temple_entry_trees, uniq_pikel,
          uniq_duvessa
D:6:      layout_cave_pools, nicolae_ossuary_entry_giza
D:7:      layout_basic, mainiacjoe_overflow_alcove_1, gammafunk_ghost_smash,
          kennysheep_generic_room_16, uniq_maggie, uniq_menkaure
D:8:      layout_basic, nicolae_qazlal_general_emergency, lair_entry_dummy,
          corexii_hall_statues_u, uniq_maurice
D:9:      layout_long_grid, nicolae_overflow_squiral, guppyfry_early_elven_hall,
          uniq_grum
D:10:     layout_irregular_city, david_orc_1_choice,
          gammafunk_ghost_abyssal_escape, serial_shops,
          nicolae_shop_statue_plus, nicolae_shop_advertising_works
          [nicolae_subvault_shop_adworks], nicolae_diamond_shop, shop
D:11:     lemuel_slime, layout_irregular_city,
          gammafunk_ghost_berserking_beasts, lemuel_old_faithful
D:12:     layout_basic
Temple:   hc_temple_tempest_star

Skill      XL: |  1  2  3  4  5  6  7  8  9 10 11 |
---------------+----------------------------------+-----
Throwing       | 1 4 5 |  5.5
Fighting       | 3 4 5 7 8 9 |  9.8
Unarmed Combat | 4 5 6 7 8 10 11 | 11.7
Invocations    | 1 4 6 7 |  7.3
Maces & Flails | 2 |  2.2
Dodging        | |  2.4
Stealth        | |  1.0

Action                   |  1- 3 |  4- 6 |  7- 9 | 10-12 || total
-------------------------+-------+-------+-------+-------++-------
Melee: Unarmed           |    61 |   258 |   297 |   307 ||   923
       Punch             |     3 |     3 |     9 |    21 ||    36
       Giant spiked club |       |       |       |    41 ||    41
Throw: Stone             |    14 |     3 |       |       ||    17
       Dart              |       |       |       |    35 ||    35
       Large rock        |       |       |       |    15 ||    15
Invok: Heroism           |       |       |     5 |     8 ||    13
       Finesse           |       |       |     3 |     6 ||     9
  Use: Scroll            |       |    11 |    10 |     8 ||    29
       Potion            |       |       |       |    13 ||    13
 Stab: Sleeping          |     4 |     2 |       |     1 ||     7
Armor: Robe              |    17 |   100 |    78 |       ||   195
       Steam dragon scal |       |       |       |   210 ||   210
Dodge: Dodged            |    33 |   166 |    96 |   231 ||   526
Block: Other             |       |       |    54 |    95 ||   149
       Reflection        |       |       |     1 |     1 ||     2
